 Dungeon Crawl Stone Soup version 0.27-a0-1137-g3ef0f4ec91 (webtiles) character file.

Game seed: 1323014179729406631

144 kae the Slasher (level 5, 0/41 HPs)
             Began as a Demonspawn Abyssal Knight on May 6, 2021.
             Was a Believer of Lugonu.
             Slain by a hobgoblin (3 damage)
             ... on level 3 of the Dungeon.
             The game lasted 00:01:48 (4047 turns).

kae the Slasher (Demonspawn Abyssal Knight)         Turns: 4047, Time: 00:01:49

Health: 0/41       AC:  3    Str: 13 (14) XL:     5   Next: 5%
Magic:  8/15       EV: 11    Int: 10 (13) God:    Lugonu [**....]
Gold:   42         SH:  0    Dex: 11 (12) Spells: 4/4 levels left

rFire    . . .     SeeInvis .   a - +2 falchion
rCold    . . .     Faith    .   (no shield)
rNeg     . . .     Spirit   .   b - +0 leather armour
rPois    .         Reflect  .   (helmet restricted)
rElec    .         Harm     .   (no cloak)
rCorr    .         Rampage  .   (no gloves)
Will     .....                  (no boots)
Stlth    +.........             (no amulet)
HPRegen  0.13/turn              c - ring of magical power
MPRegen  0.28/turn              (no ring)

@: hasted, very quick
A: horns 1, talons 1, powered by death 1, magic regeneration
a: Renounce Religion, Depart the Abyss, Bend Space


You were on level 3 of the Dungeon.
You worshipped Lugonu.
Lugonu was pleased with you.
You visited 1 branch of the dungeon, and saw 3 of its levels.
You visited the Abyss 1 time.

You collected 62 gold pieces.
You spent 20 gold pieces at shops.

Inventory:

Hand Weapons
 a - a +2 falchion (weapon)
Armour
 b - a +0 leather armour (worn)
Jewellery
 c - a ring of magical power (left hand)
Scrolls
 f - a scroll of magic mapping
Potions
 h - 2 potions of brilliance


   Skills:
 - Level 3.0 Fighting
 + Level 4.8 Long Blades
 - Level 1.7 Armour
 - Level 0.8 Dodging
 - Level 2.4 Invocations


You had 4 spell levels left.
You didn't know any spells.
Your spell library was empty.

Dungeon Overview and Level Annotations

Branches:
Dungeon (3/15)

Altars:

Shops:
D:1 *   D:2 !

Annotations:
D:3 Ijyb, Natasha


Innate Abilities, Weirdness & Mutations

You have a pair of small horns on your head.
You have sharp toenails.
You regenerate a little health from kills.
You regenerate magic rapidly.


Message History

e - a lumpy pink potion Ijyb is nearby!
Ijyb is nearby!
Ijyb is nearby!
Ijyb is nearby!
Okay, then.
Okay, then.
You feel your magic capacity increase.
c - a ring of magical power (left hand) It was a potion of degeneration.
There was something very wrong with that liquid.
You feel weakened.
You feel dopey.
You feel clumsy.
You feel yourself speed up.
A hobgoblin comes into view.
Ijyb zaps a wand.
The puff of flame hits you! Ijyb hits you but does no damage.
You hit Ijyb but do no damage. You claw Ijyb, but do no damage.
You headbutt Ijyb, but do no damage.
Ijyb zaps a wand.
The puff of flame hits you!
You hit Ijyb but do no damage. Your kick misses Ijyb.
Ijyb hits you with a +0 dagger.
You hit Ijyb but do no damage. You hit Ijyb but do no damage. You claw Ijyb.
Ijyb is lightly wounded.
Ijyb hits you with a +0 dagger.
You hit Ijyb but do no damage. Your kick misses Ijyb.
Your headbutt misses Ijyb.
Ijyb is lightly wounded.
Ijyb zaps a wand.
The puff of flame hits you!
* * * LOW HITPOINT WARNING * * *
You hit Ijyb. Your kick misses Ijyb.
Ijyb is moderately wounded.
You hit Ijyb but do no damage.
Ijyb is moderately wounded.
Ijyb zaps a wand.
The puff of flame hits you!
* * * LOW HITPOINT WARNING * * *
You closely miss Ijyb. You headbutt Ijyb, but do no damage.
Ijyb is moderately wounded.
The hobgoblin hits you.
You die...

...####..###########.#.###.#
...####..#........##.#...#.##
.....##........#............#
.###.##.##.###.#####.###.####
.........................##
.###.#....................#
.g.......#.#####.####.##..#
'###.#.###.# . #g##...##..#
...#.#.# #.# #.#@.........#
...#.#.# #.###.#g##.#####.#
...#.#.# #...........# #.#
...#.#.. .g.##.#.##..# #.#
+###.# #.#.##..# #.# .# #
#.##..# #.# #.##..# #.#
#.##>.# #.# #.#.##..####.#


You could see Ijyb and a hobgoblin.

Vanquished Creatures
  An orc priest (D:3)
  An orc wizard (D:2)
  3 gnolls
  A worm (D:2)
  A dart slug (D:1)
  2 orcs (D:2)
  4 endoplasms
  4 giant cockroaches
  3 goblins
  5 hobgoblins
  2 jackals (D:2)
  5 kobolds
  2 quokkas
  8 ball pythons
  5 bats (D:2)
  4 frilled lizards
  5 rats (D:2)
56 creatures vanquished.

Notes
Turn   | Place    | Note
-------+----------+-------------------------------------------
     0 | Abyss:1  | kae the Demonspawn Abyssal Knight began the quest for the
                  | Orb.
     0 | Abyss:1  | Reached XP level 1. HP: 18/18 MP: 2/2
    49 | Abyss:1  | Noticed a large abomination
    54 | Abyss:1  | Noticed a bone dragon
    56 | D:1      | Escaped the Abyss
   115 | D:1      | Reached skill level 2 in Long Blades
   492 | D:1      | Reached * piety under Lugonu
   614 | D:1      | Gained mutation: You regenerate magic rapidly. [demonic
                  | ancestry]
   614 | D:1      | Reached XP level 2. HP: 17/24 MP: 3/3
  1140 | D:1      | Reached skill level 3 in Long Blades
  1478 | D:1      | Found Apicicom's General Store.
  1482 | D:1      | Bought a scroll of identify for 20 gold pieces
  1792 | D:2      | Gained mutation: You have sharp toenails. [demonic
                  | ancestry]
  1792 | D:2      | Reached XP level 3. HP: 29/29 MP: 4/4
  2086 | D:2      | Found Wobryd's Distillery.
  2296 | D:2      | Reached ** piety under Lugonu
  2916 | D:2      | Reached skill level 4 in Long Blades
  2916 | D:2      | Gained mutation: You regenerate a little health from kills.
                  | [demonic ancestry]
  2916 | D:2      | Reached XP level 4. HP: 13/35 MP: 5/5
  3411 | D:3      | Noticed Ijyb
  3413 | D:3      | Noticed Natasha
  3763 | D:3      | Gained mutation: You have a pair of small horns on your
                  | head. [demonic ancestry]
  3763 | D:3      | Reached XP level 5. HP: 24/41 MP: 6/6
  4047 | D:3      | Slain by a hobgoblin

Illustrated notes

Levels and vault maps discovered:
D:1:      co_arrival_square_in_a_square_in_a_square, layout_loops_ring,
          serial_shops, shop, chequers_avenue, chequers_jeans
D:2:      layout_basic, serial_shops, shop
D:3:      layout_basic, uniq_sigmund, uniq_natasha, uniq_ijyb

Skill      XL: |  1  2  3 |
---------------+----------+-----
Long Blades    | 2 3 4 |  4.8
Fighting       | |  3.0
Armour         | |  1.7
Dodging        | |  0.8
Invocations    | |  2.4

Action                   |  1- 3 |  4- 6 || total
-------------------------+-------+-------++-------
Melee: Falchion          |   135 |    33 ||   168
       Kick              |    14 |     7 ||    21
       Headbutt          |       |     2 ||     2
Invok: Depart the Abyss  |     1 |       ||     1
  Use: Scroll            |     6 |     2 ||     8
       Potion            |       |     2 ||     2
 Stab: Sleeping          |     2 |       ||     2
Armor: Leather armour    |    34 |     6 ||    40
Dodge: Dodged            |    78 |    14 ||    92
       Rpst.: Falchion   |    21 |     4 ||    25

Table legend: (Time is in decaauts)
 A = Elapsed time spent in this place.
 B = Non-inter-level travel time spent in this place.
 C = Inter-level travel time spent in this place.
 D = Time resting spent in this place.
 E = Time spent auto-exploring this place.
 F = Levels seen in this place.
 G = Mean time per level.
                   A        B        C        D        E       F      G
               +--------+--------+--------+--------+--------+-----+--------+
         Total |   4070 |   4002 |     68 |    740 |   2823 |   4 | 1017.5 |
       Dungeon |   4014 |   3946 |     68 |    740 |   2775 |   3 | 1338.0 |
         Abyss |     56 |     56 |      0 |      0 |     48 |   1 |   56.0 |
               +--------+--------+--------+--------+--------+-----+--------+

Top non-repeatable levels by time:
     D:2: 1724 daAuts
     D:1: 1601 daAuts
     D:3: 689 daAuts
 Abyss:1: 56 daAuts
